 Dungeon Crawl Stone Soup version 0.29.1-12-g30fa7ad0bf (webtiles) character file.

Game seed: 18177502527007512255

21 lmSkywalker the Stinger (level 2, 0/19 HPs)
             Began as a Demonspawn Venom Mage on Jan 7, 2023.
             Slain by a ball python (2 damage)
             ... on level 2 of the Dungeon.
             The game lasted 00:02:19 (937 turns).

lmSkywalker the Stinger (Demonspawn Venom Mage)      Turns: 937, Time: 00:02:20

Health: 0/19       AC:  5    Str:  8    XL:     2   Next: 65%
Magic:  5/5        EV: 12    Int: 16    God:
Gold:   33         SH:  0    Dex: 13    Spells: 4/5 levels left

rFire   . . .      SeeInvis .   f - +0 dagger
rCold   . . .      Faith    .   (no shield)
rNeg    . . .      Spirit   .   m - +2 robe {Will+}
rPois   .          Reflect  .   (no helmet)
rElec   .          Harm     .   (no cloak)
rCorr   .          Rampage  .   i - +0 pair of gloves
Will    +....                   (no boots)
Stlth   ++........              (no amulet)
HPRegen 0.06/turn               k - ring of wizardry
MPRegen 0.09/turn               (no ring)

@: no status effects
A: foul stench 1
a: no special abilities


You were on level 2 of the Dungeon.
You visited 1 branch of the dungeon, and saw 2 of its levels.

You collected 33 gold pieces.

Inventory:

Hand Weapons
 f - a +0 dagger (weapon)
 g - a +0 short sword
Missiles
 h - 5 stones
Armour
 a - a +0 robe
 e - a +0 tower shield
 i - a +0 pair of gloves (worn)
 j - a +0 kite shield
 m - a +2 robe of willpower (worn)
Jewellery
 k - a ring of wizardry (left hand)
Scrolls
 c - a scroll of identify {unknown}
 d - a scroll of enchant armour {unknown}
 l - a scroll of poison {unknown}
Potions
 b - a potion of magic


   Skills:
 + Level 2.0 Dodging
 + Level 2.1 Stealth
 + Level 2.2 Spellcasting
 + Level 1.3 Transmutations
 + Level 3.2 Poison Magic


You had 4 spell levels left.
You knew the following spells:

 Your Spells              Type           Power      Damage    Failure   Level
a - Sting                 Tmut/Pois      36%        1d4       3%          1

Your spell library contained the following spells:

 Spells                   Type           Power      Damage    Failure   Level
 Poisonous Vapours        Pois/Air       12%        N/A       6%          2
 Mephitic Cloud           Conj/Pois/Air  5%         N/A       16%         3
 Olgreb's Toxic Radiance  Pois           12%        N/A       21%         4


Dungeon Overview and Level Annotations

Branches:
Dungeon (1/15)

Altars:


Innate Abilities, Weirdness & Mutations

You may rarely emit foul miasma when damaged in melee.


Message History

The ball python attacks as you move away!
The ball python closely misses you. The ball python barely misses you.
The ball python closely misses you. The ball python misses you.
You barely miss the ball python. The ball python misses you.
The ball python grabs you. The ball python constricts you.
You hit the ball python.
The ball python is severely wounded.
The ball python bites you but does no damage.
The ball python constricts you. The ball python closely misses you.
The ball python constricts you.
Casting: Sting (safe; 3% risk of failure)
Confirm with . or Enter, or press ? or * to list all spells.
Aiming: Sting (safe; 3% risk of failure)
Press: ? - help, Shift-Dir - straight line, f - worm
Aim: a worm (89% to hit)
The sting hits the worm.
The worm is poisoned.
The worm is lightly wounded.
The ball python barely misses you. The ball python constricts you.
You closely miss the ball python.
The ball python is severely wounded.
The ball python closely misses you. The ball python constricts you.
The worm bites you!
Ouch! That really hurt!
* * * LOW HITPOINT WARNING * * *
You closely miss the ball python.
The ball python is severely wounded.
The ball python bites you.
* * * LOW HITPOINT WARNING * * *
The ball python constricts you.
You escape the ball python's grasp.
The worm looks more healthy.
The ball python misses you. The ball python barely misses you.
Found 5 stones.
A goblin comes into view. It is wielding a +0 dagger.
The ball python attacks as you move away!
The ball python bites you.
* * * LOW HITPOINT WARNING * * *
The ball python barely misses you. The ball python bites you.
You die...

#.......#.#............
#.......#.#.##....#####
#.......#.#.#......#
#.......#.#.#.#..#...#
#.......#.#.#.#....#.#
#...w.......#.#.##...#
#.......#.#.#.#.. ....
###....S..#.....###
#..>.
.........@..######
#............#
#............#
#............#
#............#
#.........(..#
....g.......#
...........#


You could see a worm, a goblin (asleep) and a ball python.

Vanquished Creatures
  3 dart slugs (D:1)
  2 bats (D:1)
  An endoplasm (D:1)
  2 goblins (D:1)
  2 hobgoblins (D:1)
  2 frilled lizards (D:1)
  2 kobolds (D:1)
  2 rats (D:1)
16 creatures vanquished.

Notes
Turn   | Place    | Note
-------+----------+-------------------------------------------
     0 | D:1      | lmSkywalker the Demonspawn Venom Mage began the quest for
                  | the Orb.
     0 | D:1      | Reached XP level 1. HP: 13/13 MP: 3/3
   154 | D:1      | Reached skill level 1 in Transmutations
   517 | D:1      | Gained mutation: You may rarely emit foul miasma when
                  | damaged in melee. [demonic ancestry]
   517 | D:1      | Reached XP level 2. HP: 19/19 MP: 5/5
   866 | D:1      | You fall into a shaft and drop 1 floor!
   937 | D:2      | Slain by a ball python

Illustrated notes

Levels and vault maps discovered:
D:1:      dpeg_arrival_water_fire, layout_loops_ring
D:2:      layout_basic, minmay_pentomino_w4

Skill      XL: |  1  2 |
---------------+-------+-----
Transmutations | 1 |  1.3
Stealth        | 2 |  2.1
Dodging        | 2 |  2.0
Spellcasting   | |  2.2
Poison Magic   | |  3.2

Action                   || total
-------------------------++-------
Melee: Dagger            ||    41
       Unarmed           ||     1
 Cast: Sting             ||    11
 Stab: Sleeping          ||     3
Armor: Robe              ||    14
Dodge: Dodged            ||    46
